 Dungeon Crawl Stone Soup version 0.31-a0-960-g0fca184906 (webtiles) character file.

Game seed: 10695464023695767603

14730 CowFu the Spear-Bearer (level 11, -32/99 HPs)
             Began as a Minotaur Fighter on Oct 23, 2023.
             Was a Believer of the Shining One.
             Annihilated by a titanic slime creature (79 damage)
             ... on level 12 of the Dungeon.
             The game lasted 00:13:10 (9049 turns).

CowFu the Spear-Bearer (Minotaur Fighter)           Turns: 9049, Time: 00:13:11

Health: -32/99     AC: 16    Str: 26    XL:     11   Next: 92%
Magic:  10/10      EV: 12    Int:  5    God:    the Shining One [**....]
Gold:   956        SH: 10    Dex:  9    Spells: 10/10 levels left

rFire   . . .        b - +6 spear (flame)
rCold   . . .        C - +0 kite shield
rNeg    + . .        B - +0 scale mail
rPois   .            d - +2 hat {SInv}
rElec   .            r - +0 cloak
rCorr   .            e - +1 pair of gloves
SInv    +            M - +0 pair of boots
Will    .....        i - amulet of regeneration Stlth
                     l - ring of flight
HPRegen 1.16/turn    (no ring)
MPRegen 0.12/turn

%: no passive effects
@: flying, glowing
A: horns 2, retaliatory headbutt
a: Renounce Religion, Divine Shield


You were on level 12 of the Dungeon.
You worshipped the Shining One.
The Shining One was pleased with you.
You visited 2 branches of the dungeon, and saw 13 of its levels.
You also visited: Sewer.

You collected 956 gold pieces.

Inventory:

Hand Weapons
 a - a +4 trident
 b - a +6 spear of flaming (weapon)
 q - the +9 staff of Olgreb {rPois∞}
   (You found it on level 8 of the Dungeon)

   Radiate:   It can be activated via the 'a'bility menu to radiate toxic
   energy, with effectiveness depending on Evocations skill.
   Pois:      It enhances your poison magic.
   rPois∞: It grants immunity to poison.
Armour
 c - a +0 buckler
 d - a +2 hat of see invisible (worn)
 e - a +1 pair of gloves (worn)
 r - a +0 cloak (worn)
 B - a +0 scale mail (worn)
 C - a +0 kite shield (worn)
 M - a +0 pair of boots (worn)
Jewellery
 i - an amulet of regeneration (around neck)
 l - a ring of flight (left hand)
 w - an amulet of magic regeneration
 K - a ring of poison resistance
Wands
 h - a wand of flame (51)
 z - a wand of light (3)
 A - a wand of paralysis (6)
 G - a wand of roots (8)
 I - a wand of mindburst (17)
 L - a wand of polymorph (9)
Scrolls
 f - 2 scrolls of enchant weapon
 j - 7 scrolls of teleportation
 m - 2 scrolls of immolation {unknown}
 o - 2 scrolls of amnesia
 u - 2 scrolls of poison
 v - 3 scrolls of fear
 y - a scroll of revelation
 D - a scroll of vulnerability {unknown}
 F - a scroll of blinking
 N - a scroll of enchant armour
 O - a scroll of silence
 P - a scroll of noise {unknown}
Potions
 g - 3 potions of haste
 k - 2 potions of might
 n - 4 potions of mutation
 p - 4 potions of heal wounds
 s - 4 potions of curing
 t - 2 potions of invisibility
 x - a potion of berserk rage
 E - a potion of enlightenment {unknown}
 H - 3 potions of resistance {unknown}
 J - 2 potions of degeneration {unknown}


   Skills:
 - Level 10.0 Fighting
 - Level 14.0 Polearms
 - Level 10.0 Armour
 + Level 9.1 Dodging
 - Level 10.0 Shields


You had 10 spell levels left.
You didn't know any spells.
Your spell library contained the following spells:

 Spells                   Type           Power      Damage    Failure   Level
 Magic Dart               Conj           0%         1d3       87%         1
 Searing Ray              Conj           0%         2d4       95%         2
 Anguish                  Hex/Necr       0%         N/A       100%        4
 Cause Fear               Hex            0%         N/A       100%        4
 Fulminant Prism          Conj/Hex       0%         3d5       100%        4
 Enfeeble                 Hex            0%         N/A       100%        7


Dungeon Overview and Level Annotations

Branches:
Dungeon (12/15)            Temple (1/1) D:7            Lair (0/5) D:8
    Orc (0/2) D:10          Sewer (visited)

Altars:
Ashenzari
Cheibriados
Dithmenos
Elyvilon
Fedhas
Gozag
Hepliaklqana
Kikubaaqudgha
Makhleb
Nemelex Xobeh
Okawaru
Qazlal
Ru
Sif Muna
Trog
Uskayaw
Vehumet
Wu Jian
Xom
Yredelemnul
Zin
The Shining One

Shops:
D:6 =   D:10 [

Portals:
Trove: D:11 (show slimy rune of Zot)

Annotations:
D:7 1 runed translucent door
D:8 1 runed translucent door
D:11 2 transporters


Innate Abilities, Weirdness & Mutations

You have a pair of horns on your head.
You reflexively headbutt those who attack you in melee.


Message History

The slime creature is moderately wounded.
The slime creature hits you! The slime creature misses you.
Two slime creatures merge to form a large slime creature.
You hit the slime creature. You burn the slime creature.
The slime creature is heavily wounded.
You puncture the slime creature! You burn the slime creature.
The slime creature is severely wounded.
You block the slime creature's attack.
The slime creature hits you but does no damage. x2
You hit the slime creature. You burn the slime creature.
The slime creature is severely wounded.
The slime creature hits you but does no damage. x2
The slime creature hits you.
Two slime creatures merge to form a large slime creature.
Two slime creatures merge to form an enormous slime creature.
The slime creature attacks as it pursues you!
The slime creature hits you but does no damage.
The slime creature attacks as it pursues you!
The slime creature hits you.
You reach to attack!
You hit the slime creature. You burn the slime creature.
The slime creature is lightly wounded.
You puncture the slime creature! You burn the slime creature.
The slime creature is moderately wounded.
You block the slime creature's attack.
You puncture the slime creature! You burn the slime creature.
You headbutt the slime creature.
The slime creature is severely wounded.
You puncture the slime creature! You burn the slime creature.
You headbutt the slime creature.
You kill the slime creature!
The titanic slime creature attacks as it pursues you!
The titanic slime creature hits you!!
The titanic slime creature attacks as it pursues you!
You block the titanic slime creature's attack.
The titanic slime creature attacks as it pursues you!
The titanic slime creature hits you!!
The titanic slime creature attacks as it pursues you!
The titanic slime creature hits you!!!!
Ouch! That really hurt!
You die...

##.# #..#
#.## #.# #.#
#.# #.# #J#
####@#######
#..........#
#..........#
#..........#
#..........#
#......<...#
+..........#
#...(......#
#..........#


You could see a titanic slime creature.

Vanquished Creatures
  Gastronok (D:8)
  3 two-headed ogres
  2 cyclopes
  A manticore (D:11)
  Maurice (D:10)
  2 gargoyles
  A komodo dragon (D:11)
  Prince Ribbit (D:8)
  3 trolls
  A slime creature (D:12)
  Sigmund (D:4)
  A vampire (D:10)
  A wraith (D:9)
  A spriggan (shapeshifter) (D:11)
  A wyvern (D:9)
  10 yaks
  3 redbacks (D:8)
  Grum (D:9)
  An acid dragon (D:9)
  4 water moccasins
  Pargi (Sewer)
  7 orc warriors
  2 ice beasts
  3 black bears
  8 centaurs
  A sky beast (D:7)
  An ogre (D:4)
  4 wolves (D:9)
  A phantom (D:5)
  2 bullfrogs (D:8)
  A kobold brigand (D:9)
  2 gnoll sergeants
  10 scorpions
  14 wights
  7 killer bees (D:8)
  2 jellies
  A hound (D:7)
  An orc priest (D:10)
  5 gnoll boudas
  3 iguanas
  9 orc wizards
  25 gnolls
  20 adders
  2 river rats (D:5)
  A shadow imp (D:7)
  A white imp (D:6)
  4 ufetubi
  A worm (D:2)
  A dart slug (D:2)
  31 orcs
  7 endoplasms
  4 giant cockroaches
  8 goblins
  6 hobgoblins
  5 jackals
  4 quokkas
  7 ball pythons
  5 bats
  6 frilled lizards
  10 kobolds
  8 rats
281 creatures vanquished.

Notes
Turn   | Place    | Note
-------+----------+-------------------------------------------
     0 | D:1      | CowFu the Minotaur Fighter began the quest for the Orb.
     0 | D:1      | Reached XP level 1. HP: 19/19 MP: 0/0
    64 | D:1      | Reached skill level 3 in Polearms
    96 | D:1      | Reached XP level 2. HP: 26/26 MP: 1/1
   467 | D:1      | Reached skill level 4 in Polearms
   502 | D:1      | You fall into a shaft and drop 1 floor!
   534 | D:2      | Reached XP level 3. HP: 31/31 MP: 2/2
   646 | D:2      | Reached skill level 5 in Polearms
   992 | D:2      | Reached XP level 4. HP: 36/39 MP: 3/3
  1512 | D:3      | Reached skill level 6 in Polearms
  1517 | D:3      | Reached XP level 5. HP: 34/45 MP: 4/4
  1928 | D:3      | Reached skill level 7 in Polearms
  2389 | D:4      | Noticed Sigmund
  2436 | D:4      | Killed Sigmund
  2437 | D:4      | Reached skill level 8 in Polearms
  2437 | D:4      | Reached XP level 6. HP: 51/51 MP: 5/5
  2512 | D:4      | Reached skill level 9 in Polearms
  2512 | D:4      | Reached XP level 7. HP: 54/57 MP: 6/6
  2624 | D:4      | Identified the +1 short sword of Vanity {flame, *Noise rC++
                  | Int+4 SInv}
  2896 | D:5      | Entered Level 5 of the Dungeon
  2942 | D:5      | Reached skill level 10 in Polearms
  3110 | D:5      | Found a glowing drain.
  3117 | Sewer    | Entered a sewer
  3128 | Sewer    | Noticed Pargi
  3135 | Sewer    | Killed Pargi
  3136 | Sewer    | Reached skill level 11 in Polearms
  3293 | D:5      | Reached XP level 8. HP: 64/64 MP: 7/7
  3602 | D:5      | Reached skill level 12 in Polearms
  4403 | D:6      | Found Seteb's Jewellery Shop.
  4476 | D:6      | Reached skill level 13 in Polearms
  4519 | D:6      | Found an iron altar of Okawaru.
  4529 | D:6      | Found a blossoming altar of Fedhas.
  4544 | D:6      | Reached XP level 9. HP: 70/70 MP: 8/8
  4547 | D:6      | Reached skill level 14 in Polearms
  4796 | D:7      | Reached skill level 1 in Dodging
  4812 | D:7      | Found a staircase to the Ecumenical Temple.
  4823 | Temple   | Entered the Ecumenical Temple
  4867 | Temple   | Became a worshipper of the Shining One
  4944 | D:7      | Found a runed translucent door.
  4944 | D:7      | Noticed a sixfirhy
  5256 | D:7      | Reached skill level 5 in Armour
  5281 | D:7      | Reached skill level 5 in Fighting
  5281 | D:7      | Reached skill level 5 in Shields
  5596 | D:8      | Found a runed translucent door.
  5597 | D:8      | Found a runed translucent gate.
  5598 | D:8      | Found a runed translucent gate.
  5602 | D:8      | Found the +9 staff of Olgreb {rPois∞}
  5607 | D:8      | Found a runed translucent door.
  5616 | D:8      | Noticed a two-headed ogre
  5620 | D:8      | Killed a two-headed ogre
  5649 | D:8      | Reached XP level 10. HP: 83/83 MP: 9/9
  5653 | D:8      | Reached * piety under the Shining One
  5805 | D:8      | Noticed Gastronok
  5818 | D:8      | Killed Gastronok
  5819 | D:8      | Reached skill level 5 in Dodging
  5843 | D:8      | Found a staircase to the Lair.
  5853 | D:8      | Noticed Prince Ribbit
  5857 | D:8      | Killed Prince Ribbit
  5984 | D:8      | Found a runed translucent gate.
  6505 | D:9      | Noticed Grum
  6522 | D:9      | Reached ** piety under the Shining One
  6537 | D:9      | Reached XP level 11. HP: 78/94 MP: 10/10
  6539 | D:9      | Killed Grum
  6955 | D:10     | Entered Level 10 of the Dungeon
  7056 | D:10     | Found Riqiagas's Antique Armour Shop.
  7126 | D:10     | Noticed Maurice
  7131 | D:10     | Maurice stole a ring of poison resistance
  7133 | D:10     | Killed Maurice
  7276 | D:10     | Noticed a two-headed ogre
  7287 | D:10     | Killed a two-headed ogre
  7512 | D:10     | Found a staircase to the Orcish Mines.
  8249 | D:11     | Noticed a tengu warrior
  8251 | D:11     | Noticed a two-headed ogre
  8254 | D:11     | Found a transporter.
  8261 | D:11     | Found a bloodstained altar of Trog.
  8286 | D:11     | Found a transporter.
  8701 | D:11     | Found a portal to a secret trove of treasure.
  8838 | D:11     | Noticed a two-headed ogre
  8846 | D:11     | Killed a two-headed ogre
  8847 | D:11     | Reached skill level 10 in Fighting
  8847 | D:11     | Reached skill level 10 in Armour
  8847 | D:11     | Reached skill level 10 in Shields
  9049 | D:12     | Annihilated by a titanic slime creature

Illustrated notes

Levels and vault maps discovered:
D:1:      dpeg_arrival_stonehenge_12_columns, layout_loops_ring
D:2:      minmay_spotlight, layout_basic, grunt_decor_cap,
          minmay_increasing_density
D:3:      layout_basic, minmay_misc_feat_ornament
D:4:      layout_cave_pools, kennysheep_generic_room_10, uniq_sigmund
D:5:      layout_layer_cave, lightli_sewer_entry_pipes,
          dreamdust_princess_corridor
D:6:      layout_cave_pools, mainiacjoe_overflow_catwalk_spiral, serial_shops,
          shop, grunt_ministairs_9
D:7:      cheibrodos_shockbox, layout_loops_ring, minmay_temple_entry_tees,
          chequers_serial_rivers_room_b, minmay_misc_feat_rugged
D:8:      layout_basic, dpeg_oklobed_lair,
          minmay_guarded_unrand_staff_of_olgreb, uniq_gastronok,
          uniq_prince_ribbit1
D:9:      layout_rooms, uniq_grum
D:10:     layout_cave_pods, david_orc_4, serial_shops,
          nicolae_shop_pleasant_corner_grove, uniq_maurice
D:11:     layout_loops_corners, gammafunk_ghost_wrathful_warriors,
          enter_trove_6, hangedman_abyss_or_decor_passed
D:12:     layout_roguey, minmay_misc_feat_tower
Temple:   mainiacjoe_temple_cubbyholes

Skill      XL: |  1  2  3  4  5  6  7  8  9 10 11 |
---------------+----------------------------------+-----
Polearms       | 3 4 5 6 8 9 11 13 14 | 14.0
Dodging        | 4 6 9 |  9.1
Shields        | 6 8 10 | 10.0
Fighting       | 6 8 10 | 10.0
Armour         | 6 8 10 | 10.0

Action                     |  1- 3 |  4- 6 |  7- 9 | 10-12 || total
---------------------------+-------+-------+-------+-------++-------
  Melee: Trident           |    80 |   122 |   164 |       ||   366
         Headbutt          |     4 |     7 |    32 |    68 ||   111
         Spear             |       |       |   115 |   362 ||   477
    Use: Scroll            |       |       |     3 |    14 ||    17
         Potion            |       |       |       |     1 ||     1
 Armour: Scale mail        |    35 |    52 |   106 |    99 ||   292
  Dodge: Dodged            |    27 |    32 |    52 |    66 ||   177
  Block: Buckler           |    17 |    12 |    18 |       ||    47
         Kite shield       |       |       |    31 |    73 ||   104

Table legend: (Time is in decaauts)
 A = Elapsed time spent in this place.
 B = Non-inter-level travel time spent in this place.
 C = Inter-level travel time spent in this place.
 D = Time resting spent in this place.
 E = Time spent auto-exploring this place.
 F = Levels seen in this place.
 G = Mean time per level.
                   A        B        C        D        E       F      G
               +--------+--------+--------+--------+--------+-----+--------+
         Total |   8824 |   8349 |    475 |      0 |   6679 |  14 |  630.3 |
       Dungeon |   8616 |   8203 |    413 |      0 |   6594 |  12 |  718.0 |
        Temple |     86 |     24 |     62 |      0 |      0 |   1 |   86.0 |
         Sewer |    121 |    121 |      0 |      0 |     85 |   1 |  121.0 |
               +--------+--------+--------+--------+--------+-----+--------+

Top non-repeatable levels by time:
     D:5: 1175 daAuts
    D:11: 998 daAuts
     D:3: 979 daAuts
    D:10: 946 daAuts
     D:8: 881 daAuts
     D:2: 866 daAuts
     D:7: 650 daAuts
     D:6: 547 daAuts
     D:4: 544 daAuts
     D:1: 509 daAuts
     D:9: 441 daAuts
   Sewer: 121 daAuts
  Temple: 86 daAuts
    D:12: 75 daAuts
